AoeStats
← Not noob.Just tired.

African Clearing

505646834Analyzed
4v4 RM · 23d ago on Sep 10, 2026· 23m 7s· 8 players
Game mode
Random Map
Map size
Large (8 player)
Population
200
Speed
Normal
Resources
Standard
Victory
Conquest
Starting age
Dark Age
Ending age
Imperial Age
RankedLock teamsTeams togetherTeam positionsShared explorationLock speedFull tech treeHidden civsTurbo modeCheats
Victory
Defeat
🇮🇳 Japanese · India
1779
+4
🇨🇳 Mongols · China
1416
+16
🇦🇷 Sicilians · Argentina
1363
+18
🇮🇳 Huns · India
1295
+20
🇨🇳 Koreans · China
1474
-16
1438
-15
🇨🇳 Mapuche · China
1429
-14
🇨🇳 Magyars · China
1382
-13
Not noob.Just tired.
11:30 Feudal Age
12:52 Loom
17:37 Double-Bit Axe
20:51 Wheelbarrow
莽村车神李有田
4:29 Loom
14:15 Feudal Age
15:20 Double-Bit Axe
爱烤番薯的机长
5:39 Loom
11:56 Feudal Age
13:44 Town Watch
18:42 Fletching
23:00 Wheelbarrow
MrFUNAN
3:20 Loom
14:02 Feudal Age
19:08 Castle Age
Yodha
6:42 Loom
15:02 Feudal Age
16:59 Fletching
迷路将军
12:32 Feudal Age
14:27 Loom
14:59 Fletching
20:50 Castle Age
18:54 Stone Mining
19:48 Double-Bit Axe
elchinaleikazo
3:16 Loom
13:46 Feudal Age
15:56 Town Watch
16:51 Wheelbarrow
20:20 Castle Age
18:47 Scale Mail Armor
19:46 Forging
19:29 Gold Mining
19:20 Horse Collar
Aqua Sama
10:52 Loom
13:31 Feudal Age
14:30 Double-Bit Axe
14:36 Town Watch
18:05 Castle Age
16:39 Fishing Lines
17:22 Fletching
19:09 Bodkin Arrow
23:36 Gillnets
Connection lost

Rejoining the realm…

Still unreachable

The connection could not be restored.

Session expired

The server has moved on; the page needs a fresh start.